 Dungeon Crawl Stone Soup version 0.31-a0-960-g0fca184906 (webtiles) character file.

Game seed: 5606931811579823004

5903 Azuregosa the Fighter (level 10, -8/76 HPs)
             Began as an Octopode Delver on Oct 23, 2023.
             Was a High Priest of Dithmenos.
             Mangled by a death yak (17 damage)
             ... on level 8 of the Dungeon.
             The game lasted 00:32:02 (9282 turns).

Azuregosa the Fighter (Octopode Delver)             Turns: 9282, Time: 00:32:02

Health: -8/76      AC:  1    Str: 11    XL:     10   Next: 82%
Magic:  10/10      EV: 18    Int: 13    God:    Dithmenos [*****.]
Gold:   98         SH:  0    Dex: 18    Spells: 9/9 levels left

rFire   . . .        d - +3 short sword (protect)
rCold   . . .        (no shield)
rNeg    . . .        (helmet restricted)
rPois   .            (no amulet)
rElec   .            (no ring)
rCorr   .            (no ring)
SInv    .            (no ring)
Will    .....        (no ring)
Stlth   ++++++++     (no ring)
HPRegen 0.32/turn    (no ring)
MPRegen 0.12/turn    (no ring)
                     (no ring)

%: no passive effects
@: wreathed by umbra
A: almost no armour, amphibious, 8 rings, camouflage 1, gelatinous body 1,
(nimble swimmer 1), tentacles
a: Renounce Religion, Shadow Step, Shadow Form


You were on level 8 of the Dungeon.
You worshipped Dithmenos.
Dithmenos was extremely pleased with you.
You visited 2 branches of the dungeon, and saw 10 of its levels.
You also visited: Ossuary.

You collected 494 gold pieces.
You spent 396 gold pieces at shops.

Inventory:

Hand Weapons
 d - a +3 short sword of protection (weapon)
 r - a +1 dagger of venom
 s - a +2 vampiric dagger
 G - a +5 hand axe
 H - a +5 long sword
 M - a +2 vampiric short sword
 N - a +0 dagger of electrocution
 Q - a +2 dagger of speed
Missiles
 c - 89 stones
 n - 6 boomerangs
 u - 13 poisoned darts
 O - 3 curare-tipped darts
Magical Staves
 C - a staff of conjuration
Talismans
 q - a flux talisman
 B - a flux talisman
Wands
 f - a wand of digging (3)
 i - a wand of acid (12)
 o - a wand of polymorph (4)
 y - a wand of flame (31)
Scrolls
 a - a scroll of immolation {unknown}
 b - 3 scrolls of fog
 j - 2 scrolls of amnesia {unknown}
 l - 8 scrolls of identify {unknown}
 t - 3 scrolls of teleportation
 x - a scroll of noise {unknown}
 A - a scroll of enchant armour {unknown}
 D - 2 scrolls of acquirement {unknown}
 E - 2 scrolls of poison {unknown}
 K - a scroll of enchant weapon {unknown}
 L - a scroll of vulnerability {unknown}
 P - 3 scrolls of revelation
Potions
 e - a potion of haste
 g - 3 potions of curing {unknown}
 h - a potion of cancellation {unknown}
 k - 4 potions of attraction {unknown}
 m - 3 potions of heal wounds {unknown}
 v - 2 potions of magic {unknown}
 w - 2 potions of invisibility {unknown}
 z - a potion of lignification {unknown}
 F - 3 potions of mutation {unknown}
 I - a potion of brilliance {unknown}
 J - 3 potions of ambrosia {unknown}


   Skills:
 - Level 10.0 Fighting
 + Level 9.6(9.7) Short Blades
 - Level 2.0(6.3) Long Blades
 + Level 8.5 Dodging
 - Level 7.4 Stealth


You had 9 spell levels left.
You didn't know any spells.
Your spell library contained the following spells:

 Spells                   Type           Power      Damage    Failure   Level
 Sting                    Tmut/Pois      0%         1d3       30%         1
 Poisonous Vapours        Pois/Air       0%         N/A       43%         2
 Call Canine Familiar     Summ           0%         N/A       67%         3
 Sigil of Binding         Hex            0%         N/A       67%         3
 Dimensional Bullseye     Hex/Tloc       0%         N/A       97%         4
 Leda's Liquefaction      Hex/Erth       0%         N/A       97%         4
 Olgreb's Toxic Radiance  Pois           0%         N/A       97%         4
 Lee's Rapid Deconstruct  Erth           0%         3d4*      100%        5
 Bombard                  Conj/Erth      0%         9d1       100%        6


Dungeon Overview and Level Annotations

Branches:
Dungeon (9/15)             Temple (1/1) D:5            Lair (0/5) D:9
    Orc (0/2) D:9         Ossuary (visited)

Altars:
Ashenzari
Cheibriados
Dithmenos
Elyvilon
Fedhas
Gozag
Hepliaklqana
Kikubaaqudgha
Nemelex Xobeh
Okawaru
Qazlal
Ru
Sif Muna
Trog
Uskayaw
Vehumet
Wu Jian
Xom
Yredelemnul
Zin
The Shining One

Shops:
D:2 (   D:6 [=   D:7 !?*(

Annotations:
Temple 2 transporters


Innate Abilities, Weirdness & Mutations

You cannot wear most types of armour.
You are amphibious.
You can wear up to eight rings at the same time.
Your skin changes colour to match your surroundings (Stealth+).
Your rubbery body absorbs attacks. (AC +1, EV +1)
((You are camouflaged when in or above water. (Stealth+)))
You have tentacles for arms and can constrict up to eight enemies at once.


Message History

You squeeze the death yak, but do no damage.
The death yak is moderately wounded.
The death yak gores you!
You hit the death yak but do no damage.
The death yak is moderately wounded.
You hit the death yak but do no damage. You squeeze the death yak!
The death yak is heavily wounded.
The death yak barely misses you.
The yak bellows!
You hit the death yak but do no damage.
You squeeze the death yak, but do no damage.
The death yak is heavily wounded.
You hit the death yak but do no damage.
You squeeze the death yak, but do no damage.
The death yak is heavily wounded.
Your shadow hits the death yak but does no damage.
The death yak gores you.
You hit the death yak but do no damage.
The death yak is heavily wounded.
You hit the death yak.
The death yak is heavily wounded.
Your shadow hits the death yak but does no damage.
The death yak gores you.
You hit the death yak.
The death yak is heavily wounded.
The death yak attacks as it pursues you!
The death yak gores you!!
You emit a cloud of dark smoke.
The death yak attacks as it pursues you!
The death yak gores you!!
* * * LOW HITPOINT WARNING * * *
The death yak attacks as it pursues you!
The death yak gores you but does no damage.
There is a stone staircase leading up here.
The death yak misses you.
You climb upwards.
There is a stone staircase leading down here.
As you read the scroll of fear, it crumbles to dust.
You assume a fearsome visage.
The death yak resists with some effort.
The death yak gores you!
You die...

#.......# #.....# #.##
#.......# ##########.#####
#...∩...# ########...)...#
#.......# #..............#
#.......# #..............#####
#.#.###.# #...#...............
#.......# #..###.........#....
####.######...#....##.#..#....
#......##.Y@.........<.#####
#..###.##.......###.####
#..###.########## #.# #...##.#
#.# ####.#.##.# #.######
#.......).############......#
#..............#.......####.#
#......#..####.#.#####.####.###
#...........##.#.# #.##......


You could see a death yak.

Vanquished Creatures
  A two-headed ogre (D:7)
  Pikel (D:6)
  Prince Ribbit (D:6)
  Grinder (D:4)
  A yak (D:9)
  A wyvern (D:9)
  3 steam dragons
  Menkaure (D:4)
  A water moccasin (D:4)
  An ice beast (D:6)
  A sky beast (D:7)
  2 black bears
  3 ogres
  4 centaurs
  3 lemures (D:6)
  3 kobold brigands (D:9)
  A bullfrog (D:8)
  A gnoll sergeant (D:8)
  5 water moccasin zombies (Ossuary)
  2 scorpions (D:6)
  7 wights
  3 killer bees (D:9)
  2 howler monkeys
  An electric eel (D:7)
  2 hounds
  A jelly (D:5)
  6 orc priests
  A sleepcap (D:6)
  Ijyb (D:4)
  Natasha (thrice) (D:2)
  7 iguanas
  13 orc wizards
  2 mummies (Ossuary)
  Robin (D:3)
  8 gnolls
  9 adders
  2 shadow imps (D:8)
  2 white imps
  8 ufetubi
  4 adder zombies (Ossuary)
  2 dart slugs (D:3)
  36 orcs
  8 ball pythons
  7 endoplasms
  5 giant cockroaches (D:1)
  14 goblins
  10 hobgoblins
  7 jackals
  3 quokkas
  2 bats (D:1)
  3 frilled lizards
  3 gnoll zombies (Ossuary)
  A goblin zombie (D:7)
  5 hobgoblin zombies (Ossuary)
  21 kobolds
  5 kobold zombies (Ossuary)
  4 orc zombies (Ossuary)
  A quokka zombie (D:7)
  3 rats
260 creatures vanquished.

Vanquished Creatures (others)
  An arcanist (D:7)
1 creature vanquished.

Grand Total: 261 creatures vanquished

Notes
Turn   | Place    | Note
-------+----------+-------------------------------------------
     0 | D:5      | Azuregosa the Octopode Delver began the quest for the Orb.
     0 | D:5      | Reached XP level 1. HP: 16/16 MP: 1/1
    44 | D:5      | Found a staircase to the Ecumenical Temple.
    56 | Temple   | Found a transporter.
    56 | Temple   | Found a transporter.
    56 | Temple   | Found a transporter.
    56 | Temple   | Found a transporter.
    56 | Temple   | Entered the Ecumenical Temple
    80 | Temple   | Became a worshipper of Dithmenos the Shadowed
   107 | D:5      | Reached XP level 2. HP: 10/21 MP: 2/2
   605 | D:2      | Noticed Natasha
   605 | D:2      | Found Udoezuob's Antique Weapon Boutique.
   608 | D:2      | Reached XP level 3. HP: 26/26 MP: 3/3
   617 | D:2      | Killed Natasha
   737 | D:2      | Reached skill level 4 in Fighting
   853 | D:2      | Reached XP level 4. HP: 26/33 MP: 4/4
   927 | D:2      | Noticed Natasha
   940 | D:2      | Killed Natasha
  1078 | D:2      | Noticed Natasha
  1085 | D:2      | Killed Natasha
  1086 | D:2      | Reached skill level 5 in Fighting
  1086 | D:2      | Reached XP level 5. HP: 39/39 MP: 5/5
  1246 | D:2      | Reached * piety under Dithmenos
  1700 | D:1      | Found a faded altar of an unknown god.
  2288 | D:3      | Reached ** piety under Dithmenos
  2474 | D:3      | Noticed Robin
  2509 | D:3      | Reached skill level 6 in Fighting
  2509 | D:3      | Reached XP level 6. HP: 24/46 MP: 6/6
  2513 | D:3      | Killed Robin
  2914 | D:4      | Noticed Menkaure
  2922 | D:4      | Killed Menkaure
  3056 | D:4      | Reached skill level 7 in Fighting
  3058 | D:4      | Noticed Ijyb
  3069 | D:4      | Killed Ijyb
  3107 | D:4      | Reached XP level 7. HP: 42/54 MP: 7/7
  3189 | D:4      | Reached *** piety under Dithmenos
  3392 | D:4      | Reached skill level 8 in Fighting
  3726 | D:4      | Noticed Grinder
  3738 | D:4      | Killed Grinder
  3739 | D:4      | Reached skill level 9 in Fighting
  3739 | D:4      | Reached XP level 8. HP: 59/63 MP: 8/8
  4660 | D:5      | Reached **** piety under Dithmenos
  4693 | D:5      | Found a sparkling altar of Nemelex Xobeh.
  4693 | D:5      | Found an opulent altar of Gozag.
  5058 | D:6      | Found Huac's Jewellery Shoppe.
  5307 | D:6      | Reached skill level 10 in Fighting
  5323 | D:6      | Noticed Pikel
  5352 | D:6      | Killed Pikel
  5353 | D:6      | Reached skill level 5 in Short Blades
  5353 | D:6      | Reached XP level 9. HP: 49/70 MP: 9/9
  5483 | D:6      | Identified the +0 leather armour of the Shore {Drain Str+2
                  | Dex+2}
  5668 | D:6      | Noticed Prince Ribbit
  5681 | D:6      | Killed Prince Ribbit
  5721 | D:6      | Found Teodeacy's Antique Armour Boutique.
  5837 | D:5      | Reached skill level 5 in Dodging
  6552 | D:7      | Found a sand-covered staircase.
  6559 | Ossuary  | Entered an ossuary
  6688 | Ossuary  | Reached XP level 10. HP: 72/76 MP: 10/10
  6701 | Ossuary  | Reached ***** piety under Dithmenos
  6896 | D:7      | Found Epuclittun's General Store.
  6937 | D:7      | Noticed a two-headed ogre
  6954 | D:7      | Killed a two-headed ogre
  6984 | D:7      | Found a glowing golden altar of the Shining One.
  7019 | D:7      | Found Uzxoyschoergh's Magic Scroll Boutique.
  7086 | D:7      | Found Keqan's Distillery.
  7122 | D:7      | Found a bloodstained altar of Trog.
  7124 | D:7      | Noticed an arcanist
  7130 | D:7      | Killed an arcanist
  7379 | D:7      | Found Ashoc's Weapon Shoppe.
  7748 | D:6      | Bought a +4 ring of protection for 396 gold pieces
  8155 | D:8      | Found an ornate altar of the Wu Jian Council.
  8430 | D:9      | Identified the +11 giant spiked club "Ovvazid" {flame,
                  | rPois rC+ Dex+3}
  8440 | D:9      | Found a staircase to the Orcish Mines.
  8542 | D:9      | Noticed a death yak
  8544 | D:9      | Noticed a death yak
  8545 | D:9      | Found a staircase to the Lair.
  8545 | D:9      | Noticed a death yak
  9102 | D:9      | Found a stormy altar of Qazlal.
  9282 | D:8      | Mangled by a death yak

Illustrated notes

Levels and vault maps discovered:
D:1:      nicolae_arrival_washed_ashore, layout_basic,
          shapermc_ecumenical_altar_mp_ritualfount
D:2:      layout_basic, serial_shops, nicolae_shop_hallway_stairs, uniq_natasha
D:3:      layout_basic, uniq_robin
D:4:      layout_layer_cave, columned_hall_lemuel, uniq_ijyb, uniq_grinder,
          uniq_menkaure
D:5:      layout_basic, grunt_temple_overflow_opulence,
          minmay_temple_entry_glass, dk_noncrumbling_3
D:6:      layout_loops_corners, serial_shops, nicolae_shop_dealshenge,
          nicolae_stop_n_shop_1, mrwooster_statue_mirror, uniq_pikel,
          uniq_prince_ribbit1
D:7:      layout_loops_ring, mainiacjoe_overflow_alcove_1, trog_wizard,
          enter_ossuary_4, serial_bayou, serial_bayou_pond_e,
          serial_bayou_pond_e, serial_bayou_pond_c, serial_bayou_pond_d,
          serial_shops, shop, kennysheep_little_box, shop,
          nicolae_shop_scrapyard
D:8:      layout_loops_cross, mainiacjoe_overflow_small_starburst,
          serial_demonic, serial_demonic_a, serial_demonic_b, serial_demonic_e,
          serial_demonic_e, serial_demonic_g, serial_demonic_d, serial_demonic_a
D:9:      layout_loops_ring, nicolae_qazlal_general_emergency,
          dpeg_lair_monsters, orc_0_dummy
Temple:   hellmonk_temple_divided_pantheon

Skill      XL: |  1  2  3  4  5  6  7  8  9 10 |
---------------+-------------------------------+-----
Stealth        | 7 |  7.4
Fighting       | 4 5 6 7 9 10 | 10.0
Short Blades   | 2 5 7 9 |  9.6
Dodging        | 3 6 8 |  8.5
Long Blades    | |  2.0

Action                     |  1- 3 |  4- 6 |  7- 9 | 10-12 || total
---------------------------+-------+-------+-------+-------++-------
  Melee: Falchion          |    14 |       |       |       ||    14
         Constrict         |    11 |    33 |    62 |    33 ||   139
         Tentacles         |     8 |    26 |    89 |    59 ||   182
         Short sword       |    33 |   129 |   308 |   214 ||   684
         Punch             |       |     1 |     6 |     3 ||    10
    Use: Scroll            |     2 |       |       |     2 ||     4
   Stab: Sleeping          |     2 |    23 |    26 |    22 ||    73
         Distracted        |       |       |     1 |     2 ||     3
 Armour: Skin              |    29 |    48 |    96 |    61 ||   234
  Dodge: Dodged            |    30 |    54 |   124 |   116 ||   324

Table legend: (Time is in decaauts)
 A = Elapsed time spent in this place.
 B = Non-inter-level travel time spent in this place.
 C = Inter-level travel time spent in this place.
 D = Time resting spent in this place.
 E = Time spent auto-exploring this place.
 F = Levels seen in this place.
 G = Mean time per level.
                   A        B        C        D        E       F      G
               +--------+--------+--------+--------+--------+-----+--------+
         Total |   9128 |   8820 |    308 |   1566 |   4835 |  11 |  829.8 |
       Dungeon |   8922 |   8622 |    300 |   1566 |   4835 |   9 |  991.3 |
        Temple |     42 |     34 |      8 |      0 |      0 |   1 |   42.0 |
       Ossuary |    163 |    163 |      0 |      0 |      0 |   1 |  163.0 |
               +--------+--------+--------+--------+--------+-----+--------+

Top non-repeatable levels by time:
     D:4: 1570 daAuts
     D:5: 1230 daAuts
     D:6: 1230 daAuts
     D:8: 905 daAuts
     D:2: 893 daAuts
     D:3: 837 daAuts
     D:9: 812 daAuts
     D:7: 751 daAuts
     D:1: 691 daAuts
 Ossuary: 163 daAuts
  Temple: 42 daAuts
